 Dungeon Crawl Stone Soup version 0.24-a0-463-g3510def (webtiles) character file.

Game seed: 5279933829473130359

172 silenth the Cudgeler (level 5, 0/63 HPs)
             Began as a Human Berserker on July 3, 2019.
             Was a Believer of Trog.
             Slain by a river rat (6 damage)
             ... on level 3 of the Dungeon.
             The game lasted 00:03:34 (2747 turns).

silenth the Cudgeler (Human Berserker)              Turns: 2747, Time: 00:03:35

Health: 0/63       AC:  7    Str: 22    XL:     5   Next: 82%
Magic:  5/5        EV: 10    Int:  8    God:    Trog [**....]
Gold:   60         SH:  0    Dex: 13    Spells: 4/4 levels left

rFire    . . .     SeeInvis .   n - -1 hand axe (curse)
rCold    . . .     Gourm    .   (no shield)
rNeg     . . .     Faith    .   g - +0 scale mail
rPois    .         Spirit   .   (no helmet)
rElec    .         Reflect  .   j - +0 cloak (curse)
rCorr    .         Harm     .   (no gloves)
MR       .....                  (no boots)
Stlth    ..........             (no amulet)
HPRegen  0.20/turn              (no ring)
MPRegen  0.09/turn              (no ring)

@: berserking, very quick
A: no striking features
a: Berserk, Trog's Hand, Renounce Religion


You were on level 3 of the Dungeon.
You worshipped Trog.
Trog was pleased with you.
You were very hungry.

You visited 1 branch of the dungeon, and saw 3 of its levels.

You collected 60 gold pieces.

Inventory:

Hand Weapons
 a - a +0 mace
 l - a +2 flail of draining
 n - a cursed -1 hand axe (weapon)
Armour
 b - a +0 animal skin
 g - a +0 scale mail (worn)
 j - a cursed +0 cloak (worn)
Wands
 m - a wand of flame (14)
Scrolls
 c - a scroll of fog
 f - a scroll of teleportation
Potions
 d - a potion of heal wounds
 k - a potion of curing
 p - a potion of agility
Comestibles
 e - 3 rations
 h - a chunk of flesh


   Skills:
 + Level 4.2 Fighting
 * Level 5.2 Maces & Flails
 - Level 2.0 Armour
 - Level 2.0 Dodging


You had 4 spell levels left.
You didn't know any spells.
Your spell library was empty.

Dungeon Overview and Level Annotations

Branches:
Dungeon (3/15)

Altars:


Message History

Your unstable footing causes you to fumble your attack.
The river rat barely misses you. The river rat closely misses you.
You closely miss the river rat.
The river rat is moderately wounded.
The river rat bites you.
* * * LOW HITPOINT WARNING * * *
You hit the river rat.
The river rat is heavily wounded.
The river rat bites you.
* * * LOW HITPOINT WARNING * * *
You hit the river rat but do no damage.
The river rat is heavily wounded.
The river rat closely misses you. The river rat bites you!
* * * LOW HITPOINT WARNING * * *
A red film seems to cover your vision as you go berserk!
You feel yourself moving faster!
You feel mighty!
You are feeling very hungry.
The river rat bites you.
You die...

#.###†###§##.# #.#
#§).§###.# #.###.§§§§§...
▓#.##.§§§§#§#..
..▓▓▓▓▓▓▓▓≈▓#...§§§§.#.#
# #.≈≈≈≈≈≈≈≈≈▓..##..§.##
##
#.≈≈▓≈▓≈▓▓▓▓.####.#.#...#
#..≈.≈≈≈r≈.÷.####.>......
##.....≈.@..........#...#
#..........##########.##
##.####.#### ..# #. #..
..# # #### .. ## .


You could see a river rat.

Vanquished Creatures
  An orc priest (D:3)
  An orc wizard (D:3)
  Terence (D:2)
  2 adders
  An ooze (D:1)
  A worm (D:3)
  2 dart slugs
  5 leopard geckos
  5 orcs (D:3)
  A giant cockroach (D:1)
  3 hobgoblins
  3 jackals (D:1)
  A quokka (D:2)
  8 bats
  5 frilled lizards (D:2)
  8 goblins
  5 kobolds
  5 rats
58 creatures vanquished.

Notes
Turn   | Place    | Note
-------+----------+-------------------------------------------
     0 | D:1      | silenth the Human Berserker began the quest for the Orb.
     0 | D:1      | Reached XP level 1. HP: 18/18 MP: 1/1
    58 | D:1      | Reached XP level 2. HP: 22/24 MP: 2/2
   744 | D:1      | Reached XP level 3. HP: 27/29 MP: 3/3
   961 | D:1      | Reached ** piety under Trog
  1358 | D:2      | Reached skill level 4 in Maces & Flails
  1555 | D:2      | Reached XP level 4. HP: 12/36 MP: 4/4
  1583 | D:2      | HP: 3/36 [poisoned by an adder]
  1986 | D:2      | Noticed Terence
  2002 | D:2      | Killed Terence
  2092 | D:2      | Found a faded altar of an unknown god.
  2257 | D:3      | HP: 2/55 [orc priest/+0 trident (4)]
  2258 | D:3      | Reached skill level 4 in Fighting
  2258 | D:3      | Reached XP level 5. HP: 2/42 MP: 5/5
  2598 | D:3      | Reached skill level 5 in Maces & Flails
  2746 | D:3      | HP: 4/42 [river rat (7)]
  2747 | D:3      | Slain by a river rat

Levels and vault maps discovered:
D:1:      psy_arrival_basics, layout_loops_ring, roderic_lattice_a
D:2:      layout_rooms, first_ration, chequers_ecumenical_altar_twisty,
          uniq_terence
D:3:      layout_loops_ring, chequers_temple_overflow_minitemple,
          lightli_sewer_entry_pipes

Skill      XL: |  1  2  3  4  5 |
---------------+----------------+-----
Maces & Flails | 4 5 |  5.2
Fighting       | 4 |  4.2
Armour         | |  2.0
Dodging        | |  2.0

Action                   |  1- 3 |  4- 6 || total
-------------------------+-------+-------++-------
Melee: Mace              |   118 |    25 ||   143
       Hand axe          |       |    74 ||    74
Invok: Berserk           |       |     4 ||     4
  Use: Scroll            |       |     9 ||     9
  Eat: Chunk             |     2 |     7 ||     9
Armor: Animal skin       |    15 |       ||    15
       Scale mail        |    22 |    53 ||    75
Dodge: Dodged            |    74 |    52 ||   126

Table legend:
 A = Non-vault XP
 B = Vault XP
 C = Vault XP percentage of total XP
 D = Non-vault monster count
 E = Vault monster count
 F = Vault count percentage of total count
                 A         B        C        D         E       F
            +---------+---------+-------+---------+---------+-------
      Total |     196 |      50 |  20.3 |      55 |       3 |   5.2
            +---------+---------+-------+---------+---------+-------
        D:1 |      44 |       0 |   0.0 |      24 |       0 |   0.0
        D:2 |      44 |      32 |  42.1 |      18 |       1 |   5.3
        D:3 |     108 |      18 |  14.3 |      13 |       2 |  13.3
            +---------+---------+-------+---------+---------+-------
